 Dungeon Crawl Stone Soup version 0.31-a0-507-gbafd7f5274 (webtiles) character file.

Game seed: 12301762126129106338

319 randomguy2701 the Grave Robber (level 6, 0/32 HPs)
             Began as a Deep Elf Necromancer on Aug 9, 2023.
             Slain by a scorpion zombie (2 damage)
             ... in an ossuary.
             The game lasted 00:11:59 (3451 turns).

randomguy2701 the Grave Robber (DENe)               Turns: 3451, Time: 00:12:00

Health: 0/32       AC:  5    Str:  3    XL:     6   Next: 21%
Magic:  14/17      EV: 11    Int: 25    God:
Gold:   149        SH:  0    Dex: 15    Spells: 16/18 levels left

rFire   . . .        (no weapon)
rCold   . . .        (no shield)
rNeg    . . .        s - +1 leather armour of Nelle {Rampage Will+ Str-2 Int+3}
rPois   .            (no helmet)
rElec   .            (no cloak)
rCorr   .            t - +0 pair of gloves
SInv    .            (no boots)
Will    +....        (no amulet)
Stlth   ++           (no ring)
HPRegen 0.25/turn    (no ring)
MPRegen 0.15/turn

%: rampage
@: no status effects
A: no striking features
a: no special abilities


You were in an ossuary.
You visited 1 branch of the dungeon, and saw 4 of its levels.
You also visited: Ossuary.

You collected 149 gold pieces.

Inventory:

Armour
 a - a +0 robe
 s - the +1 leather armour of Nelle (worn) {Rampage Will+ Str-2 Int+3}
   (You found it on level 3 of the Dungeon)

   Str-2:     It affects your strength (-2).
   Int+3:     It affects your intelligence (+3).
   Will+:     It increases your willpower.
   Rampage:   It bestows one free step when moving towards enemies.
 t - a +0 pair of gloves (worn)
Jewellery
 l - an amulet of faith
 q - a ring of fire
 v - a ring of fire
Scrolls
 f - a scroll of identify {unknown}
 g - a scroll of acquirement {unknown}
 h - a scroll of teleportation {unknown}
 i - a scroll of fog {unknown}
 j - a scroll of immolation {unknown}
 o - a scroll of vulnerability {unknown}
 p - a scroll of fear {unknown}
 u - a scroll of silence {unknown}
Potions
 b - a potion of magic
 c - a potion of attraction {unknown}
 d - 3 potions of curing
 e - 2 potions of degeneration {unknown}
 k - a potion of heal wounds {unknown}
 m - a potion of mutation {unknown}
 n - a potion of enlightenment {unknown}
 r - 2 potions of haste {unknown}


   Skills:
 + Level 0.1 Fighting
 + Level 0.1 Armour
 + Level 2.7 Dodging
 + Level 2.7 Stealth
 + Level 0.1 Unarmed Combat
 + Level 6.5 Spellcasting
 + Level 6.9 Necromancy


You had 16 spell levels left.
You knew the following spells:

 Your Spells              Type           Power      Damage    Failure   Level
a - Necrotise             Necr           100%       1d9       1%          1
b - Sting                 Tmut/Pois      32%        1d4       14%         1

Your spell library contained the following spells:

 Spells                   Type           Power      Damage    Failure   Level
 Vampiric Draining        Necr           43%        2d9       2%          3
 Animate Dead             Necr           43%        N/A       8%          4
 Dispel Undead            Necr           43%        3d17      8%          4
 Cigotuvi's Dreadful Rot  Necr/Pois/Air  38%        N/A       9%          2
 Sandblast                Erth           16%        2d6       14%         1
 Blink                    Tloc           16%        N/A       22%         2
 Lesser Beckoning         Tloc           16%        N/A       22%         2
 Momentum Strike          Conj/Tloc      16%        3d8       22%         2
 Poisonous Vapours        Pois/Air       16%        N/A       22%         2
 Agony                    Necr           43%        N/A       22%         5
 Hailstorm                Conj/Ice       8%         3d4       38%         3
 Volatile Blastmotes      Fire/Tloc      16%        2d11      38%         3
 Borgnjor's Vile Clutch   Necr/Erth      12%        N/A       67%         5
 Death Channel            Necr           21%        N/A       77%         6
 Fulminant Prism          Conj/Hex       4%         3d5       80%         4
 Iskenderun's Mystic Bla  Conj/Tloc      8%         2d4       80%         4
 Olgreb's Toxic Radiance  Pois           8%         N/A       80%         4
 Summon Ice Beast         Ice/Summ       8%         N/A       80%         4
 Simulacrum               Ice/Necr       12%        N/A       99%         6
 Starburst                Conj/Fire      4%         6d3       100%        6


Dungeon Overview and Level Annotations

Branches:
Dungeon (4/15)            Ossuary (1/1)
 Temple: D:4-7

Altars:
Gozag
Kikubaaqudgha
Okawaru
Yredelemnul

Shops:
D:3 =


Message History

You hit the scorpion zombie but do no damage.
The scorpion zombie is almost destroyed.
The scorpion zombie closely misses you.
You barely miss the scorpion zombie.
The scorpion zombie is almost destroyed.
The scorpion zombie barely misses you.
You hit the scorpion zombie but do no damage.
The scorpion zombie is almost destroyed.
The scorpion zombie hits you but does no damage.
You barely miss the scorpion zombie.
The scorpion zombie is almost destroyed.
The scorpion zombie hits you.
* * * LOW HITPOINT WARNING * * *
You hit the scorpion zombie but do no damage.
The scorpion zombie is almost destroyed.
The scorpion zombie hits you.
* * * LOW HITPOINT WARNING * * *
You barely miss the scorpion zombie.
The scorpion zombie is almost destroyed.
The scorpion zombie misses you.
You hit the scorpion zombie but do no damage.
The scorpion zombie is almost destroyed.
The scorpion zombie hits you but does no damage.
You hit the scorpion zombie.
The scorpion zombie is almost destroyed.
The scorpion zombie misses you.
You hit the scorpion zombie.
The scorpion zombie is almost destroyed.
The scorpion zombie barely misses you.
You hit the scorpion zombie but do no damage.
The scorpion zombie is almost destroyed.
The scorpion zombie hits you.
* * * LOW HITPOINT WARNING * * *
You barely miss the scorpion zombie.
The scorpion zombie is almost destroyed.
The scorpion zombie hits you but does no damage.
You hit the scorpion zombie but do no damage.
The scorpion zombie is almost destroyed.
The scorpion zombie hits you.
You die...

#########
#...#...#
#.∩.'.∩.#
#...#...#
######'##
#...#...#
#...8@..#
#....Z..#
##8...8##
#.......
#...8...#
#...#...#
##+######


You could see a scorpion zombie.

Vanquished Creatures
  A scorpion (D:4)
  A jelly (D:4)
  An orc wizard (D:4)
  4 gnolls (D:4)
  5 adders (D:2)
  2 worms (D:2)
  2 dart slugs (D:1)
  3 orcs (D:4)
  3 bats
  6 endoplasms
  3 giant cockroaches
  6 hobgoblins
  11 jackals
  3 kobolds
  4 quokkas
  6 ball pythons
  7 frilled lizards
  5 goblins
  2 rats
75 creatures vanquished.

Vanquished Creatures (collateral kills)
  An orc wizard (D:4)
  A goblin (D:2)
  A hobgoblin (D:2)
  A jackal (D:1)
4 creatures vanquished.

Grand Total: 79 creatures vanquished

Notes
Turn   | Place    | Note
-------+----------+-------------------------------------------
     0 | D:1      | randomguy2701 the Deep Elf Necromancer began the quest for
                  | the Orb.
     0 | D:1      | Reached XP level 1. HP: 10/10 MP: 6/6
    42 | D:1      | Reached skill level 5 in Necromancy
   118 | D:1      | Upgraded the game from 0.31-a0-496-g6f97920a28 to
                  | 0.31-a0-507-gbafd7f5274
   166 | D:1      | Reached XP level 2. HP: 15/15 MP: 5/8
   306 | D:1      | Got the Disquisition on the Anticline and Cinders
   526 | D:1      | Found a faded altar of an unknown god.
   593 | D:1      | Reached XP level 3. HP: 19/19 MP: 5/10
  1736 | D:2      | Reached XP level 4. HP: 24/24 MP: 8/12
  1754 | D:2      | Reached skill level 5 in Spellcasting
  2187 | D:3      | Found Bemiuth's Jewellery Shoppe.
  2219 | D:3      | Identified the +1 leather armour of Nelle {Rampage Will+
                  | Str-2 Int+3}
  2581 | D:3      | Found an opulent altar of Gozag.
  2590 | D:3      | Found an ancient bone altar of Kikubaaqudgha.
  2590 | D:3      | Found an iron altar of Okawaru.
  2611 | D:3      | Found a basalt altar of Yredelemnul.
  2838 | D:4      | Identified the +1 robe of Kimukhet {rC+ SInv}
  2941 | D:4      | Reached XP level 5. HP: 28/28 MP: 7/14
  3052 | D:4      | Identified the +1 mace of Cyllawuot {protect, Fly Will+}
  3127 | D:4      | Reached XP level 6. HP: 32/32 MP: 6/17
  3217 | D:4      | Learned a level 1 spell: Sting
  3346 | D:4      | Found a sand-covered staircase.
  3353 | Ossuary  | Entered an ossuary
  3449 | Ossuary  | HP: 1/32 [scorpion zombie (5)]
  3451 | Ossuary  | Slain by a scorpion zombie

Illustrated notes

Levels and vault maps discovered:
D:1:      shiori_arrival_oz, layout_basic,
          hellmonk_ecumenical_altar_slurped_away, minmay_split_cup_large
D:2:      layout_rooms, st_stairs_3, minmay_puff
D:3:      layout_basic, nicolae_overflow_quartered_altars, serial_shops,
          nicolae_shop_tiny_statue_garden
D:4:      layout_rooms, enter_ossuary_2
Ossuary:  ossuary_minmay_scorpions

Skill      XL: |  1  2  3  4  5 |
---------------+----------------+-----
Necromancy     | 5 6 |  6.9
Spellcasting   | 4 5 6 |  6.5
Fighting       | |  0.1
Armour         | |  0.1
Dodging        | |  2.7
Stealth        | |  2.7
Unarmed Combat | |  0.1

Action                     |  1- 3 |  4- 6 || total
---------------------------+-------+-------++-------
  Melee: Unarmed           |     5 |    73 ||    78
   Cast: Necrotise         |    85 |    72 ||   157
         Sting             |       |    18 ||    18
    Use: Potion            |       |     1 ||     1
 Armour: Robe              |     5 |       ||     5
         Leather armour    |       |    36 ||    36
  Dodge: Dodged            |    21 |    44 ||    65

Table legend: (Time is in decaauts)
 A = Elapsed time spent in this place.
 B = Non-inter-level travel time spent in this place.
 C = Inter-level travel time spent in this place.
 D = Time resting spent in this place.
 E = Time spent auto-exploring this place.
 F = Levels seen in this place.
 G = Mean time per level.
                   A        B        C        D        E       F      G
               +--------+--------+--------+--------+--------+-----+--------+
         Total |   3451 |   3339 |    112 |      0 |   2771 |   5 |  690.2 |
       Dungeon |   3353 |   3241 |    112 |      0 |   2765 |   4 |  838.2 |
       Ossuary |     97 |     97 |      0 |      0 |      6 |   1 |   97.0 |
               +--------+--------+--------+--------+--------+-----+--------+

Top non-repeatable levels by time:
     D:1: 1237 daAuts
     D:2: 952 daAuts
     D:3: 721 daAuts
     D:4: 443 daAuts
 Ossuary: 97 daAuts
